 Dungeon Crawl Stone Soup version 0.30.0-17-ge0270778cf (webtiles) character file.

Game seed: 10750320493568178726

2 browni3141 the Caller (level 1, 0/14 HPs)
             Began as a Mummy Summoner on May 21, 2023.
             Slain by a jackal (2 damage)
             ... on level 2 of the Dungeon.
             The game lasted 00:00:53 (105 turns).

browni3141 the Caller (Mummy Summoner)               Turns: 105, Time: 00:00:54

Health: 0/14       AC:  2    Str: 11    XL:     1   Next: 25%
Magic:  0/4        EV: 12    Int: 14    God:
Gold:   0          SH:  0    Dex: 12    Spells: 4/5 levels left

rFire   x . .        (no weapon)
rCold   + . .        (no shield)
rNeg    + + +        a - +0 robe
rPois   ∞            (no helmet)
rElec   .            (no cloak)
rCorr   .            (no gloves)
SInv    .            (no boots)
Will    .....        (no amulet)
Stlth   ++           (no ring)
HPRegen 0.22/turn    (no ring)
MPRegen 0.09/turn

%: faith
@: no status effects
A: cold resistance 1, negative energy resistance 3, torment resistance 2, heat
vulnerability 1, no potions, faith
a: no special abilities


You were on level 2 of the Dungeon.
You visited 1 branch of the dungeon, and saw 2 of its levels.

Inventory:

Armour
 a - a +0 robe (worn)
Scrolls
 b - a scroll of brand weapon {unknown}


   Skills:
 + Level 0.6 Fighting
 - Level 1.5 Dodging
 - Level 1.5 Stealth
 - Level 2.6 Spellcasting
 - Level 3.2 Summonings


You had 4 spell levels left.
You knew the following spells:

 Your Spells              Type           Power      Damage    Failure   Level
z - Summon Small Mammal   Summ           44%        N/A       6%          1

Your spell library contained the following spells:

 Spells                   Type           Power      Damage    Failure   Level
 Call Imp                 Summ           22%        N/A       9%          2
 Call Canine Familiar     Summ           11%        N/A       17%         3
 Poisonous Vapours        Pois/Air       2%         N/A       32%         2
 Summon Guardian Golem    Hex/Summ       6%         N/A       34%         3
 Mephitic Cloud           Conj/Pois/Air  1%         N/A       54%         3
 Summon Lightning Spire   Summ/Air       6%         N/A       75%         4
 Freezing Cloud           Conj/Ice/Air   0%         6-21      99%         5


Dungeon Overview and Level Annotations

Branches:
Dungeon (2/15)

Altars:


Innate Abilities, Weirdness & Mutations

You are immune to poison.
Your flesh is cold resistant. (rC+)
You are immune to negative energy. (rN+++)
You are immune to unholy pain and torment.
You are vulnerable to heat. (rF-)
You do not drink.
You have a special connection with the divine. (Faith)


Message History

Your bat's corpse disappears in a puff of smoke!
The jackal barks!
A bat comes into view.
Casting: Summon Small Mammal (safe; 6% risk of failure)
Press: ? - help, Q - select action Dir - look around, f - activate The jackal bites you.
* * * LOW HITPOINT WARNING * * *
You hit the jackal but do no damage.
The jackal is almost dead.
The jackal closely misses you.
You hit the jackal.
You kill the jackal!
The bat hits you but does no damage.
Your rat barely misses the bat.
You barely miss the bat. The bat hits you but does no damage.
The jackal bites you but does no damage.
The bat hits you but does no damage. The jackal barely misses you.
Your rat bites the bat.
The bat hits you but does no damage.
You barely miss the jackal.
The jackal is heavily wounded.
The jackal bites you.
* * * LOW HITPOINT WARNING * * *
The bat completely misses you. The jackal misses you.
You miss the bat. The bat barely misses you. The bat closely misses you.
The jackal bites you.
* * * LOW HITPOINT WARNING * * *
You hit the bat.
The bat is moderately wounded.
The bat barely misses you. The bat closely misses you. The jackal misses you.
You hit the bat.
You kill the bat!
The jackal bites you but does no damage.
The jackal closely misses you.
Your rat barely misses the jackal.
You closely miss the jackal.
The jackal is heavily wounded.
The jackal bites you but does no damage.
Your rat completely misses the jackal.
You hit the jackal but do no damage.
The jackal is moderately wounded.
The jackal bites you but does no damage.
The jackal bites you.
* * * LOW HITPOINT WARNING * * *
Your rat misses the jackal.
Casting: Summon Small Mammal (safe; 6% risk of failure)
Press: ? - help, Q - select action Dir - look around, f - activate The jackal barely misses you.
Your rat closely misses the jackal.
You swap places.
Your bat barely misses the jackal.
The jackal bites your bat.
Your bat dies!
Your bat's corpse disappears in a puff of smoke!
Your rat barely misses the jackal.
The ball python bites your rat.
The ball python completely misses your rat.
The ball python bites your rat.
Your rat dies!
Your rat's corpse disappears in a puff of smoke!
You hit the jackal but do no damage.
The jackal is moderately wounded.
The jackal misses you.
The jackal bites you but does no damage.
You closely miss the jackal.
The jackal is moderately wounded.
The jackal closely misses you.
You hit the jackal but do no damage.
The jackal is moderately wounded.
The jackal closely misses you. The jackal attacks as you move away!
The jackal bites you but does no damage.
Found a stone staircase leading down.
The jackal closely misses you. The jackal barely misses you.
There is a stone staircase leading down here.
Casting: Summon Small Mammal (safe; 6% risk of failure)
Press: ? - help, Q - select action Dir - look around, f - activate The jackal barely misses you.
The ball python bites your bat but does no damage.
The ball python grabs your bat. The ball python constricts your bat.
You hit the jackal but do no damage.
The jackal is moderately wounded.
Your bat barely misses the ball python.
The jackal bites you.
* * * LOW HITPOINT WARNING * * *
Your bat misses the ball python. The ball python bites your bat.
The ball python constricts your bat.
Your bat dies!
Your bat's corpse disappears in a puff of smoke!
The jackal bites you.
* * * LOW HITPOINT WARNING * * *
The jackal completely misses you.
You climb downwards.
Found four items.
Found a stone staircase leading down.
There is a stone staircase leading up here.
You don't have enough magic to cast this spell.
You don't have enough magic to cast this spell.
The jackal bites you but does no damage.
The jackal bites you.
* * * LOW HITPOINT WARNING * * *
An adder comes into view.
The jackal attacks as you move away! The jackal closely misses you.
The jackal barely misses you.
A goblin comes into view. It is wielding a +0 dagger.
The jackal attacks as you move away! The jackal bites you.
You die...

#. ###.# #. ....#
..##. ...# ..
.....####.w.#...
#.$<........
..####.........!.
S..............g.
........h........
........@........
.............?...
###.##.....)....#
#...>..########
#######


You could see a dart slug, a jackal and a goblin (wandering).

Vanquished Creatures
  A jackal (D:1)
  A bat (D:1)
2 creatures vanquished.

Notes
Turn   | Place    | Note
-------+----------+-------------------------------------------
     0 | D:1      | browni3141 the Mummy Summoner began the quest for the Orb.
     0 | D:1      | Reached XP level 1. HP: 13/13 MP: 4/4
   105 | D:2      | Slain by a jackal

Illustrated notes

Levels and vault maps discovered:
D:1:      grunt_arrival_lava_bath, layout_loops_corners
D:2:      layout_basic, basic_altar

Action                     || total
---------------------------++-------
  Melee: Unarmed           ||    25
         Punch             ||     1
   Cast: Summon Small Mamm ||    11
 Armour: Robe              ||    18
  Dodge: Dodged            ||    31
